 Dungeon Crawl Stone Soup version 0.27.1-33-g824d729ab1 (webtiles) character file.

Game seed: 13941866627350441536

788 Doot the Insei (level 7, -4/43 HPs)
             Began as an Octopode Transmuter on Dec 2, 2021.
             Was a Priest of Lugonu.
             Slain by Duvessa (8 damage)
             ... on level 5 of the Dungeon.
             The game lasted 00:09:59 (7819 turns).

Doot the Insei (Octopode Transmuter)                Turns: 7819, Time: 00:09:59

Health: -4/43      AC:  1    Str: 11    XL:     7   Next: 87%
Magic:  10/11      EV: 13    Int: 16    God:    Lugonu [***...]
Gold:   158        SH:  0    Dex: 12    Spells: 3/12 levels left

rFire    . . .     SeeInvis .     - Unarmed
rCold    . . .     Faith    .   (no shield)
rNeg     . . .     Spirit   .   (helmet restricted)
rPois    .         Reflect  .   (no amulet)
rElec    .         Harm     .   (no ring)
rCorr    .         Rampage  .   (no ring)
Will     .....                  (no ring)
Stlth    +++.......             (no ring)
HPRegen  0.14/turn              (no ring)
MPRegen  0.12/turn              (no ring)
                                (no ring)
                                (no ring)

@: no status effects
A: almost no armour, amphibious, 8 rings, camouflage 1, gelatinous body 1,
(nimble swimmer 1), tentacles
a: Renounce Religion, Depart the Abyss, Bend Space, Banish


You were on level 5 of the Dungeon.
You worshipped Lugonu.
Lugonu was most pleased with you.
You visited 2 branches of the dungeon, and saw 6 of its levels.

You collected 158 gold pieces.

Inventory:

Magical Staves
 g - a staff of conjuration
Scrolls
 a - 4 scrolls of identify {unknown}
 b - 2 scrolls of magic mapping {unknown}
 c - a scroll of amnesia {unknown}
 f - a scroll of enchant weapon {unknown}
 h - a scroll of teleportation {unknown}
 i - a scroll of summoning {unknown}
 j - a scroll of fog {unknown}
 k - 2 scrolls of noise {unknown}
 m - 2 scrolls of silence {unknown}
 n - a scroll of enchant armour {unknown}
Potions
 d - a potion of ambrosia {unknown}
 e - a potion of invisibility {unknown}
 l - a potion of heal wounds {unknown}
 o - a potion of attraction {unknown}


   Skills:
 + Level 1.3 Fighting
 + Level 2.5 Dodging
 + Level 3.1 Stealth
 * Level 6.2 Unarmed Combat
 * Level 3.0 Spellcasting
 * Level 3.7 Transmutations
 * Level 3.3 Poison Magic
 * Level 2.0 Invocations


You had 3 spell levels left.
You knew the following spells:

 Your Spells              Type           Power      Damage    Failure   Level
a - Beastly Appendage     Tmut           28%        N/A       4%          1
b - Wereblood             Tmut           14%        N/A       6%          2
c - Spider Form           Tmut/Pois      6%         N/A       13%         3
d - Mephitic Cloud        Conj/Pois/Air  6%         N/A       34%         3

Your spell library contained the following spells:

 Spells                   Type           Power      Damage    Failure   Level
 Sting                    Tmut/Pois      52%        1d5       4%          1
 Poisonous Vapours        Pois/Air       14%        N/A       14%         2
 Magic Dart               Conj           8%         1d3       19%         1
 Call Imp                 Summ           2%         N/A       28%         2
 Call Canine Familiar     Summ           2%         N/A       50%         3
 Portal Projectile        Hex/Tloc       4%         N/A       50%         3
 Olgreb's Toxic Radiance  Pois           13%        N/A       43%         4
 Ice Form                 Ice/Tmut       8%         N/A       65%         4
 Leda's Liquefaction      Hex/Erth       1%         N/A       88%         4


Dungeon Overview and Level Annotations

Branches:
Dungeon (5/15)             Temple (1/1) D:5

Altars:
Kikubaaqudgha
Makhleb
Wu Jian
Lugonu

Annotations:
D:4 Blork the orc, Sigmund
D:5 Duvessa


Innate Abilities, Weirdness & Mutations

You cannot wear most types of armour.
You are amphibious.
You can wear up to eight rings at the same time.
Your skin changes colour to match your surroundings (Stealth+).
Your rubbery body absorbs attacks. (AC +1, EV +1)
((You are camouflaged near water. (Stealth+)))
You have tentacles for arms and can constrict up to eight enemies at once.


Message History

Duvessa is lightly wounded.
You completely miss Duvessa.
Duvessa is lightly wounded.
Duvessa completely misses you.
You hit Duvessa.
Duvessa looks as sick as possible!
Duvessa is moderately wounded.
Duvessa closely misses you.
Your transformation is almost over.
Duvessa says, "I will journey to Hell to retrieve him!"
Your transformation has ended.
Casting: Spider Form (dangerous; 13% risk of failure)
Confirm with . or Enter, or press ? or * to list all spells.
You turn into a venomous arachnid creature.
Duvessa hits you with a +0 short sword.
* * * LOW HITPOINT WARNING * * *
You barely miss Duvessa.
Duvessa is heavily wounded.
Duvessa hits you with a +0 short sword.
* * * LOW HITPOINT WARNING * * *
There is a stone staircase leading down here.
Duvessa weeps.
Duvessa grits her teeth and focuses.
Your transformation is almost over.
Duvessa looks more healthy.
Duvessa says, "I will avenge him!"
Duvessa weeps.
Your transformation has ended.
You completely miss Duvessa. Your grab misses Duvessa.
Duvessa is almost dead.
Duvessa closely misses you.
You barely miss Duvessa. Your grab misses Duvessa.
Duvessa is almost dead.
Duvessa hits you with a +0 short sword!
* * * LOW HITPOINT WARNING * * *
Unknown command.
You aren't carrying any items that you can evoke.
Unknown command.
Okay, then.
Space bends around you!
You blink.
Duvessa hits you with a +0 short sword!
You die...

#.# #.# #.# ######.#
.......#
##########################
.........................#
########################.#
..............§e@..# #.#
###..#############.# #.#
.....# #.# #.# ####.#
#.#####.# .....# #.......#
###### #########


You could see Duvessa.

Vanquished Creatures
  3 ogres (D:5)
  A black bear (D:5)
  Dowan (D:5)
  A howler monkey (D:5)
  A hound (D:5)
  An orc priest (D:4)
  3 iguanas
  2 hound skeletons
  4 gnolls (D:5)
  4 adders
  2 white imps (D:5)
  3 worms
  6 dart slugs
  5 orcs
  8 ball pythons
  6 endoplasms
  2 giant cockroaches (D:2)
  9 goblins
  5 hobgoblins
  2 jackals (D:2)
  2 quokkas (D:5)
  5 bats
  4 frilled lizards
  10 kobolds
  4 rats
94 creatures vanquished.

Notes
Turn   | Place    | Note
-------+----------+-------------------------------------------
     0 | D:1      | Doot the Octopode Transmuter began the quest for the Orb.
     0 | D:1      | Reached XP level 1. HP: 13/13 MP: 3/3
   190 | D:1      | Found a faded altar of an unknown god.
   213 | D:1      | Became a worshipper of Lugonu the Unformed
   213 | D:1      | Reached * piety under Lugonu
   213 | D:1      | Reached ** piety under Lugonu
   284 | D:1      | Reached XP level 2. HP: 18/18 MP: 5/5
   287 | D:1      | Learned a level 2 spell: Wereblood
  1303 | D:1      | Reached XP level 3. HP: 23/23 MP: 6/6
  1422 | D:1      | Learned a level 3 spell: Spider Form
  1517 | D:2      | You fall into a shaft and drop 2 floors!
  1723 | D:4      | Reached skill level 1 in Stealth
  1723 | D:4      | Reached skill level 4 in Unarmed Combat
  1826 | D:4      | Noticed Blork the orc
  1989 | D:4      | Reached skill level 1 in Poison Magic
  1989 | D:4      | Reached XP level 4. HP: 28/28 MP: 2/7
  2767 | D:2      | Reached *** piety under Lugonu
  3501 | D:3      | Reached XP level 5. HP: 20/33 MP: 6/8
  4210 | D:3      | Found an ornate altar of the Wu Jian Council.
  5164 | D:4      | Noticed Sigmund
  5213 | D:5      | Entered Level 5 of the Dungeon
  5286 | D:5      | Found a staircase to the Ecumenical Temple.
  5298 | D:5      | Reached skill level 5 in Unarmed Combat
  5298 | D:5      | Reached XP level 6. HP: 38/38 MP: 9/9
  5316 | Temple   | Entered the Ecumenical Temple
  6119 | D:5      | Reached skill level 1 in Invocations
  6137 | D:5      | Reached XP level 7. HP: 27/43 MP: 3/11
  6151 | D:5      | Learned a level 3 spell: Mephitic Cloud
  6974 | D:5      | Reached skill level 6 in Unarmed Combat
  7040 | D:5      | Noticed Duvessa
  7040 | D:5      | Noticed Dowan
  7220 | D:5      | Killed Dowan
  7790 | D:5      | HP: 2/43 [Duvessa (7)]
  7819 | D:5      | Slain by Duvessa

Illustrated notes

Levels and vault maps discovered:
D:1:      eino_arrival_water_star, layout_basic,
          shapermc_ecumenical_altar_mp_vishouse, serial_co_window_serial,
          co_window_paths_a, co_window_corner_a, co_window_paths_a,
          co_window_paths_a, co_window_paths_a, co_window_paths_c,
          co_window_paths_c, co_window_paths_c, co_window_2corner,
          co_window_of_opportunity_b, co_window_broadway_b, co_window_corner_b,
          co_window_paths_d, glass_columns_b, glass_columns_b, glass_columns_a,
          glass_columns_b
D:2:      layout_basic, serial_co_window_serial, co_window_corner_a,
          co_window_paths_a, co_window_corner_a, co_window_paths_b,
          co_window_paths_a, co_window_cross_4, co_window_broadway_c,
          co_window_broadway_c, co_window_paths_c, co_window_paths_e,
          co_window_4corner_b, glass_columns_c, glass_columns_c,
          glass_columns_a, glass_columns_a, glass_columns_b
D:3:      layout_rooms, nzn_wu_jian_contemplation
D:4:      kb_forest_paths, layout_loops_corners, nicolae_overflow_hidden_temple,
          uniq_blork_the_orc, uniq_sigmund, uniq_edmund
D:5:      layout_basic, minmay_temple_entry_grid, uniq_duvessa
Temple:   dpeg_three_leaves_temple

Skill      XL: |  1  2  3  4  5  6  7 |
---------------+----------------------+-----
Stealth        | 1 2 3 |  3.1
Unarmed Combat | 4 5 6 |  6.2
Poison Magic   | 1 2 3 |  3.3
Transmutations | 3 |  3.7
Invocations    | 1 2 |  2.0
Spellcasting   | 3 |  3.0
Fighting       | |  1.3
Dodging        | |  2.5

Action                   |  1- 3 |  4- 6 |  7- 9 || total
-------------------------+-------+-------+-------++-------
Melee: Unarmed           |    69 |   123 |    41 ||   233
       Constrict         |    20 |    22 |     1 ||    43
       Kick              |     7 |     5 |       ||    12
       Tentacles         |     7 |    15 |     3 ||    25
       Punch             |     2 |     4 |       ||     6
 Cast: Beastly Appendage |    11 |     5 |       ||    16
       Wereblood         |     2 |     1 |       ||     3
       Spider Form       |     1 |     6 |    10 ||    17
Invok: Bend Space        |       |       |     1 ||     1
 Stab: Sleeping          |     6 |    12 |     1 ||    19
Armor: Skin              |     1 |     5 |     1 ||     7
Dodge: Dodged            |    38 |    58 |    26 ||   122
